 Dungeon Crawl Stone Soup version 0.27-a0-492-ga4bb394fd4 (webtiles) character file.

Game seed: 16411831358526578405

619 Gaff the Sneak (level 7, -5/43 HPs)
             Began as a Kobold Brigand on Mar 2, 2021.
             Slain by a mummy (7 damage)
             ... in an ossuary.
             The game lasted 00:10:09 (4086 turns).

Gaff the Sneak (Kobold Brigand)                     Turns: 4086, Time: 00:10:09

Health: -5/43      AC:  4    Str:  9    XL:     7   Next: 74%
Magic:  0/7        EV: 17    Int: 12    God:
Gold:   176        SH:  0    Dex: 18    Spells: 6/6 levels left

rFire    . . .     SeeInvis .   a - +2 dagger
rCold    . . .     Faith    .   (shield restricted)
rNeg     . . .     Spirit   +   b - +0 robe
rPois    .         Reflect  .   m - +0 helmet
rElec    .         Harm     .   c - +0 cloak
rCorr    .         Rampage  .   (no gloves)
Will     ++...                  (no boots)
Stlth    +++++.....             l - amulet of guardian spirit
HPRegen  0.14/turn              o - ring of willpower
MPRegen  0.10/turn              n - ring of willpower

@: no status effects
A: small, nightstalker 3
a: no special abilities


You were in an ossuary.
You visited 1 branch of the dungeon, and saw 5 of its levels.
You also visited: Sewer and Ossuary.

You collected 176 gold pieces.

Inventory:

Hand Weapons
 a - a +2 dagger (weapon)
Missiles
 d - 25 poisoned darts (quivered)
 e - 3 curare-tipped darts
 f - 2 boomerangs
 x - 2 throwing nets
Armour
 b - a +0 robe (worn)
 c - a +0 cloak (worn)
 m - a +0 helmet (worn)
Jewellery
 l - an amulet of guardian spirit (around neck)
 n - a ring of willpower (right hand)
 o - a ring of willpower (left hand)
Scrolls
 h - a scroll of random uselessness
 k - a scroll of enchant weapon
 q - a scroll of fear
 t - a scroll of blinking
 w - a scroll of immolation
Potions
 g - 5 potions of curing
 i - 2 potions of haste {unknown}
 p - a potion of degeneration {unknown}
 r - 2 potions of magic {unknown}
 s - a potion of brilliance {unknown}
 u - a potion of flight


   Skills:
 + Level 4.2 Fighting
 + Level 7.1 Short Blades
 - Level 2.2 Throwing
 + Level 4.2 Dodging
 - Level 7.2 Stealth


You had 6 spell levels left.
You didn't know any spells.
Your spell library was empty.

Dungeon Overview and Level Annotations

Branches:
Dungeon (5/15)              Sewer (visited)         Ossuary (1/1)
 Temple: D:4-7

Altars:
Qazlal


Innate Abilities, Weirdness & Mutations

You are small and have problems with some larger weapons.
You are completely attuned to the shadows.


Message History

The mummy completely misses you.
You hit the mummy.
The mummy is severely damaged.
You closely miss the mummy.
The mummy is severely damaged.
You hit the mummy but do no damage.
The mummy is severely damaged.
The mummy closely misses you.
You hit the mummy.
The mummy is severely damaged.
You barely miss the mummy.
The mummy is severely damaged.
You hit the mummy but do no damage.
The mummy is severely damaged.
The mummy closely misses you.
You hit the mummy.
The mummy is almost destroyed.
You hit the mummy but do no damage.
The mummy is almost destroyed.
The mummy hits you!
You hit the mummy but do no damage.
The mummy is almost destroyed.
You hit the mummy.
The mummy is almost destroyed.
You hit the mummy.
The mummy is almost destroyed.
The mummy hits you!
* * * LOW HITPOINT WARNING * * *
You hit the mummy but do no damage.
The mummy is almost destroyed.
You barely miss the mummy.
The mummy is almost destroyed.
The mummy hits you.
* * * LOW HITPOINT WARNING * * *
You barely miss the mummy.
The mummy is almost destroyed.
As you read the scroll labelled ZOEMAZX MOSADI, it crumbles to dust.
You feel aware of your surroundings.
It was a scroll of magic mapping.
The mummy hits you!
You die...

**,,Z.....M....,,,**
**,.Z......Z..,,**
*+*#........#*+*
**,,*#......#*,,**
**,,,,*#....#*,,,,**
**,,,,,,#....#,,,,,,**
*,,,,,,,#....#,,,,,,,*
*,,,,,,,#....#,,,,,,,*
*,,,,,,,#@...#,,,,,,,*
**,,,,,,#.M..#,,,,,,**
*,,,,,*#....#*,,,,,*
**,,,,*#....#*,,,,**
*,,,**#.∩∩.#**,,,*
***** ###### *****


You could see a mummy.

Vanquished Creatures
  A phantom (D:4)
  4 kobold brigands (Sewer)
  A scorpion (D:4)
  A gnoll shaman (D:5)
  A mummy (D:5)
  9 adders
  A river rat (Sewer)
  2 gnolls
  2 oozes
  An adder skeleton (D:5)
  2 worms
  4 leopard geckos
  An orc (D:4)
  4 ball pythons
  A bat (D:2)
  3 giant cockroaches
  A gnoll zombie (Ossuary)
  6 goblins (D:1)
  5 hobgoblins
  6 kobolds
  5 frilled lizards
  2 hobgoblin zombies
  A leopard gecko skeleton (D:5)
  4 orc zombies
  11 rats
79 creatures vanquished.

Notes
Turn   | Place    | Note
-------+----------+-------------------------------------------
     0 | D:1      | Gaff the Kobold Brigand began the quest for the Orb.
     0 | D:1      | Reached XP level 1. HP: 12/12 MP: 1/1
   428 | D:1      | Reached XP level 2. HP: 17/17 MP: 2/2
   676 | D:1      | Reached XP level 3. HP: 21/21 MP: 3/3
  1388 | D:2      | Reached XP level 4. HP: 27/27 MP: 4/4
  1741 | D:3      | Noticed a water elemental
  1741 | D:3      | Noticed a fire elemental
  1742 | D:3      | Found a stormy altar of Qazlal.
  1904 | D:3      | Found a glowing drain.
  1961 | Sewer    | Entered a sewer
  2310 | Sewer    | Reached XP level 5. HP: 31/31 MP: 5/5
  2343 | Sewer    | Noticed a kobold brigand
  2344 | Sewer    | Noticed a kobold brigand
  2347 | Sewer    | Killed a kobold brigand
  2349 | Sewer    | Killed a kobold brigand
  2350 | Sewer    | Reached skill level 5 in Short Blades
  2350 | Sewer    | Reached XP level 6. HP: 37/37 MP: 6/6
  2689 | Sewer    | Reached XP level 7. HP: 20/42 MP: 3/7
  3006 | D:3      | Noticed an air elemental
  3648 | D:5      | Entered Level 5 of the Dungeon
  3966 | D:5      | Found a sand-covered staircase.
  3971 | Ossuary  | Entered an ossuary
  4084 | Ossuary  | HP: 2/43 [mummy (6)]
  4086 | Ossuary  | Slain by a mummy

Illustrated notes

Levels and vault maps discovered:
D:1:      heliophobic_arrival_enchanted_forest, layout_basic
D:2:      layout_rooms, minmay_octomino_c4
D:3:      layout_basic, nicolae_qazlal_style_of_elements, portal_sewer_entry_d,
          kennysheep_generic_room_8
D:4:      layout_rooms, minmay_temple_entry_wispy, nemelex_spade_bored_becter
D:5:      layout_basic, lemuel_doored_altar, nicolae_ossuary_entry_giza,
          cheibrodos_ashenzari_chains, uniq_edmund
Ossuary:  ossuary_tomb_3

Skill      XL: |  1  2  3  4  5  6  7 |
---------------+----------------------+-----
Stealth        | 6 7 |  7.2
Short Blades   | 3 5 6 7 |  7.1
Fighting       | 3 4 |  4.2
Dodging        | 2 3 4 |  4.2
Throwing       | |  2.2

Action                   |  1- 3 |  4- 6 |  7- 9 || total
-------------------------+-------+-------+-------++-------
Melee: Dagger            |    59 |   160 |   152 ||   371
  Use: Scroll            |       |     5 |     4 ||     9
       Potion            |       |     1 |     3 ||     4
 Stab: Sleeping          |    17 |    12 |    11 ||    40
Armor: Robe              |     2 |    16 |    11 ||    29
Dodge: Dodged            |    30 |    81 |    56 ||   167

Table legend: (Time is in decaauts)
 A = Elapsed time spent in this place.
 B = Non-inter-level travel time spent in this place.
 C = Inter-level travel time spent in this place.
 D = Time resting spent in this place.
 E = Time spent auto-exploring this place.
 F = Levels seen in this place.
 G = Mean time per level.
                   A        B        C        D        E       F      G
               +--------+--------+--------+--------+--------+-----+--------+
         Total |   4065 |   4020 |     45 |    799 |   2186 |   7 |  580.7 |
       Dungeon |   3046 |   3001 |     45 |    314 |   2103 |   5 |  609.2 |
         Sewer |    927 |    927 |      0 |    485 |     82 |   1 |  927.0 |
       Ossuary |     92 |     92 |      0 |      0 |      0 |   1 |   92.0 |
               +--------+--------+--------+--------+--------+-----+--------+

Top non-repeatable levels by time:
     D:3: 1016 daAuts
     D:1: 967 daAuts
   Sewer: 927 daAuts
     D:2: 725 daAuts
     D:5: 307 daAuts
 Ossuary: 92 daAuts
     D:4: 29 daAuts
